 Dungeon Crawl Stone Soup version 0.18-a0-801-gb01a236 (webtiles) character file.

3406 aspa the Thaumaturge (level 10, -4/56 HPs)
             Began as an Octopode Wizard on Dec 13, 2015.
             Was a Follower of Sif Muna.
             Killed from afar by an oklob plant (9 damage)
             ... with a splash of acid
             ... created by the enmity of Fedhas Madash
             ... on level 7 of the Dungeon on Dec 14, 2015.
             The game lasted 00:52:40 (9863 turns).

aspa the Thaumaturge (Octopode Wizard)              Turns: 9863, Time: 00:52:40

Health: -4/56      AC: -3    Str:  6    XL:     10   Next: 4%
Magic:  32/34      EV: 12    Int: 24    God:    Sif Muna [*.....]
Gold:   418        SH:  0    Dex: 11    Spells: 8 memorised, 15 levels left

rFire  . . .     SeeInvis .     j - +1 whip (elec)
rCold  . . .     Clarity  .     (no shield)
rNeg   . . .     SustAt   .     a - +0 hat
rPois  .         Gourm    .     i - amulet of dismissal
rElec  .         Spirit   .     n - ring of magical power
rCorr  .         Dismiss  +     r - +1 ring of slaying
rMut   .         Stasis   .     (no ring)
MR     .....                    (no ring)
Stlth  ++++......               (no ring)
                                (no ring)
                                (no ring)
                                (no ring)

@: corroded equipment, not resistant to hostile enchantments, stealthy
A: almost no armour, amphibious, 8 rings, constrict 8, camouflage 1, gelatinous
body 1
a: Channel Energy, Renounce Religion


You were on level 7 of the Dungeon.
You worshipped Sif Muna.
Sif Muna was aware of your devotion.
You were not hungry.

You visited 2 branches of the dungeon, and saw 9 of its levels.

You collected 418 gold pieces.

Inventory:

Hand Weapons
 e - a +0 dagger
 j - a +1 whip of electrocution (weapon)
 o - a +1 hand axe of chopping
 x - a +1 whip of freezing
 y - a +1 dagger of venom
 z - a cursed -3 falchion
 K - a +0 rapier
Armour
 a - a +0 hat (worn)
Jewellery
 i - an amulet of dismissal (around mantle)
 n - a ring of magical power (left tentacle)
 r - a +1 ring of slaying (right tentacle)
 J - an uncursed amulet of rage
Wands
 s - a wand of heal wounds (0)
 M - a wand of random effects (28)
Scrolls
 d - 5 scrolls of teleportation {unknown}
 f - a scroll of magic mapping {unknown}
 k - a scroll of amnesia {unknown}
 l - 6 scrolls of remove curse {unknown}
 q - 4 scrolls of identify {unknown}
 C - a scroll of silence {unknown}
 E - a scroll of noise {unknown}
Potions
 h - a potion of might {unknown}
 m - 2 potions of haste {unknown}
 t - a potion of heal wounds {unknown}
 u - a potion of lignification {unknown}
 v - 2 potions of flight {unknown}
 w - a potion of brilliance {unknown}
 B - 3 potions of curing
 D - a potion of poison {unknown}
 F - a potion of cancellation {unknown}
 L - a potion of cure mutation {unknown}
Books
 b - a book of Minor Magic

   Spells                             Type                      Level
   a - Magic Dart                     Conjuration                  1
   b - Blink                          Translocation                2
   c - Call Imp                       Summoning                    2
   d - Repel Missiles                 Charms/Air                   2
   e - Slow                           Hexes                        2
   f - Conjure Flame                  Conjuration/Fire             3
   g - Mephitic Cloud                 Conjuration/Poison/Air       3
 A - a book of Annihilations

   Spells                             Type                      Level
   a - Poison Arrow                   Conjuration/Poison           6
   b - Chain Lightning                Conjuration/Air              8
   c - Lehudib's Crystal Spear        Conjuration/Earth            8
   d - Glaciate                       Conjuration/Ice              9
   e - Fire Storm                     Conjuration/Fire             9
 G - Kikubaaqudgha's Compendium of Patterns
   (You found it on level 6 of the Dungeon)

   Spells                             Type                      Level
   a - Pain                           Necromancy                   1
 H - Vehumet's Disquisition on Attacks
   (You found it on level 6 of the Dungeon)

   Spells                             Type                      Level
   a - Magic Dart                     Conjuration                  1
 I - Sif Muna's Reference Book on Transformation
   (You found it on level 6 of the Dungeon)

   Spells                             Type                      Level
   a - Beastly Appendage              Transmutation                1
 N - a book of the Dragon

   Spells                             Type                      Level
   a - Flame Tongue                   Conjuration/Fire             1
   b - Cause Fear                     Hexes                        4
   c - Bolt of Fire                   Conjuration/Fire             6
   d - Dragon Form                    Transmutation                7
   e - Dragon's Call                  Summoning                    9
Comestibles
 c - 3 bread rations
 g - a beef jerky
 p - 4 meat rations
 P - a slice of pizza


   Skills:
 - Level 2.0 Dodging
 + Level 5.4 Stealth
 + Level 11.4 Spellcasting
 - Level 5.2 Conjurations
 - Level 0.2 Charms
 - Level 1.1 Summonings
 - Level 1.0 Translocations
 - Level 2.0 Poison Magic


You had 15 spell levels left.
You knew the following spells:

 Your Spells              Type           Power        Failure   Level  Hunger
a - Magic Dart            Conj           ####         1%          1    None
b - Call Imp              Summ           ###.....     6%          2    None
c - Mephitic Cloud        Conj/Pois/Air  ####....     6%          3    None
d - Blink                 Tloc           N/A          6%          2    None
e - Repel Missiles        Chrm/Air       ##....       10%         2    None
f - Conjure Flame         Conj/Fire      ####....     6%          3    None
g - Slow                  Hex            ##......     10%         2    None
h - Beastly Appendage     Trmt           ##....       6%          1    None


Dungeon Overview and Level Annotations

Branches:
Dungeon (8/15)             Temple (1/1) D:6
   Lair: D:8-11

Altars:
Ashenzari
Cheibriados
Dithmenos
Fedhas
Gozag
Kikubaaqudgha
Nemelex Xobeh
Okawaru
Pakellas
Qazlal
Ru
Sif Muna
Trog
Vehumet
Xom
Yredelemnul
The Shining One

Shops:
D:6 }

Annotations:
D:7 exclusion: 3 oklob plants


Innate Abilities, Weirdness & Mutations

You cannot wear most types of armour.
You are amphibious.
You can wear up to eight rings at the same time.
You can use your tentacles to constrict eight enemies at once.
Your skin changes colour to match your surroundings (Stealth).
Your rubbery body absorbs attacks (AC +1).


Message History

You blink.
The oklob plant spits acid at you.
Fedhas protects a plant from harm.
The splash of acid hits you! The acid corrodes you!
The acid burns!
The oklob plant spits acid at you.
Fedhas protects a plant from harm.
The splash of acid hits you!
The acid burns!
* * * LOW HITPOINT WARNING * * *
Evoke which item? (* to show all) (? for menu, Esc to quit)
Zapping:
s - a wand of heal wounds (will waste charges)
Press: ? - help, Shift-Dir - straight line, f - you You feel much better.
Evoking this partially-identified wand wasted a few charges.
The oklob plant spits acid at you. The splash of acid hits you!
The acid burns!
* * * LOW HITPOINT WARNING * * *
The oklob plant spits acid at you.
Fedhas protects a plant from harm.
The splash of acid hits you!
You die...

#...........# #.
####...........#####.
#................##..
####...........#...##
#.......<...#..###
#...............##
#............##.##
#............##..# #
#@............#..#
#.###.............#..#
#..fPf..........#.....
#.###.P.............##.
##Pff####.#####..###.
##...## #.# ##....#
##...## #.# ##.#.##
#.(.## ### ##.####
#..## ##.##


You could see 3 oklob plants and 3 wandering mushrooms.

Vanquished Creatures
  Pikel (D:4)
  Grinder (D:3)
  Sigmund (D:5)
  Menkaure (D:5)
  A hungry ghost (D:7)
  4 sky beasts
  3 ogres
  A black bear (D:7)
  A phantom (D:5)
  2 orc warriors
  An ice beast (D:7)
  2 slaves (D:4)
  2 centaurs
  A necrophage (D:5)
  2 giant frogs (D:6)
  A water moccasin zombie (D:7)
  A water moccasin skeleton (D:5)
  2 scorpions
  A giant frog zombie (D:8)
  2 jellies
  2 orc priests
  2 giant frog skeletons (D:8)
  4 hounds
  An iguana (D:5)
  An orc wizard (D:5)
  5 worker ants
  A hound zombie (D:5)
  10 adders
  6 gnolls (D:3)
  A shadow imp (D:8)
  An ooze (D:2)
  An adder zombie (D:7)
  An adder skeleton (D:7)
  A worm (D:3)
  4 giant geckos
  21 orcs
  9 bats
  10 goblins
  13 hobgoblins
  2 quokkas
  2 ball pythons
  10 giant cockroaches
  A giant cockroach zombie (D:5)
  2 giant gecko skeletons (D:5)
  7 giant newts
  7 jackals
  5 kobolds
  A quokka skeleton (D:5)
  11 rats
173 creatures vanquished.

Vanquished Creatures (collateral kills)
  A worker ant (D:4)
  2 adders
  A gnoll (D:3)
4 creatures vanquished.

Vanquished Creatures (others)
  An iguana (D:7)
1 creature vanquished.

Grand Total: 178 creatures vanquished

Notes
Turn   | Place    | Note
--------------------------------------------------------------
     0 | D:1      | aspa the Octopode Wizard began the quest for the Orb.
     0 | D:1      | Reached XP level 1. HP: 11/11 MP: 4/4
   258 | D:1      | Reached XP level 2. HP: 15/17 MP: 1/6
   262 | D:1      | Learned a level 2 spell: Call Imp
   452 | D:2      | Found a faded altar to an unknown god.
   959 | D:1      | Reached XP level 3. HP: 21/21 MP: 6/8
  1225 | D:1      | Learned a level 3 spell: Mephitic Cloud
  1228 | D:1      | Learned a level 2 spell: Blink
  1558 | D:2      | Reached skill level 4 in Spellcasting
  2086 | D:2      | Reached XP level 4. HP: 19/27 MP: 3/10
  2239 | D:2      | Learned a level 2 spell: Repel Missiles
  2556 | D:2      | Found a shadowy altar of Dithmenos.
  2556 | D:2      | Found a bloodstained altar of Trog.
  2561 | D:2      | Found a shimmering altar of Xom.
  2561 | D:2      | Found a basalt altar of Yredelemnul.
  3349 | D:3      | Reached XP level 5. HP: 20/31 MP: 4/11
  3832 | D:3      | Noticed Grinder
  3918 | D:3      | Reached skill level 5 in Spellcasting
  3950 | D:3      | Learned a level 3 spell: Conjure Flame
  4077 | D:3      | Found a sacrificial altar of Ru.
  4272 | D:3      | Killed Grinder
  4272 | D:3      | Reached XP level 6. HP: 18/36 MP: 1/14
  4686 | D:5      | Entered Level 5 of the Dungeon
  4986 | D:4      | Noticed Pikel
  5091 | D:4      | Reached XP level 7. HP: 41/41 MP: 15/15
  5095 | D:4      | Learned a level 2 spell: Slow
  5787 | D:4      | Killed Pikel
  5787 | D:4      | Reached skill level 7 in Spellcasting
  5787 | D:4      | Reached skill level 5 in Conjurations
  5787 | D:4      | Reached skill level 1 in Poison Magic
  5787 | D:4      | Reached XP level 8. HP: 19/46 MP: 2/18
  6145 | D:5      | Reached skill level 8 in Spellcasting
  6482 | D:5      | Noticed Menkaure
  6497 | D:5      | Killed Menkaure
  6497 | D:5      | Reached skill level 9 in Spellcasting
  6507 | D:5      | Reached XP level 9. HP: 33/51 MP: 12/22
  6633 | D:5      | Noticed Sigmund
  6643 | D:5      | Killed Sigmund
  7483 | D:6      | Found a staircase to the Ecumenical Temple.
  7492 | Temple   | Entered the Ecumenical Temple
  7749 | D:2      | Became a worshipper of Fedhas Madash
  7749 | D:2      | Reached * piety under Fedhas
  7836 | D:6      | Reached skill level 10 in Spellcasting
  7879 | D:6      | Fell from the grace of Fedhas
  8064 | D:6      | Found a radiant altar of Vehumet.
  8066 | D:6      | Found an ancient bone altar of Kikubaaqudgha.
  8066 | D:6      | Found a deep blue altar of Sif Muna.
  8071 | D:6      | Identified Kikubaaqudgha's Compendium of Patterns
  8078 | D:6      | Identified Vehumet's Disquisition on Attacks
  8085 | D:6      | Identified Sif Muna's Reference Book on Transformation
  8087 | D:6      | Became a worshipper of Sif Muna the Loreminder
  8192 | D:6      | Learned a level 1 spell: Beastly Appendage
  8205 | D:6      | Found Ditwo's Quality Used Wands.
  8260 | D:6      | Upgraded the game from 0.18-a0-775-g4d9e04e to 0.18-a0-801-gb01a236
  8950 | D:7      | Reached * piety under Sif Muna
  8950 | D:7      | Reached skill level 11 in Spellcasting
  9055 | D:7      | Reached skill level 5 in Stealth
  9180 | D:7      | Found a bloodstained altar of Trog.
  9254 | D:7      | Reached XP level 10. HP: 37/56 MP: 12/25
  9861 | D:7      | Noticed an oklob plant
  9861 | D:7      | Noticed an oklob plant
  9861 | D:7      | Noticed an oklob plant
  9863 | D:7      | Killed from afar by an oklob plant

Vault maps used:
D:1:      dpeg_arrival_ratfight, st_stairs_10
D:2:      grunt_temple_overflow_open, ecumenical_altar_2
D:3:      nicolae_ru_path_of_blood, minmay_crystal_water, uniq_grinder
D:4:      uniq_pikel
D:5:      first_bread, uniq_menkaure, uniq_sigmund
D:6:      grunt_temple_overflow_magic_moments,
          minmay_temple_entry_enclosed_plants, nicolae_for_you_no_charge
D:7:      basic_altar
D:8:      lemuel_doored_altar, grunt_livestock, serial_park_tiny_pond,
          nemelex_spade_bored_becter, uniq_grum
Temple:   nicolae_temple_figure_zero

Action                   |  1- 3 |  4- 6 |  7- 9 | 10-12 || total
-------------------------+-------+-------+-------+-------++-------
Melee: Unarmed           |    10 |       |       |       ||    10
       Dagger            |     9 |       |       |       ||     9
       Whip              |    27 |    33 |    80 |     4 ||   144
 Cast: Magic Dart        |    81 |   116 |   252 |    13 ||   462
       Call Imp          |     3 |    10 |     4 |       ||    17
       Blink             |     1 |     1 |     5 |     1 ||     8
       Mephitic Cloud    |       |     6 |    24 |     1 ||    31
       Repel Missiles    |       |     1 |       |       ||     1
       Conjure Flame     |       |       |    16 |       ||    16
       Beastly Appendage |       |       |     1 |       ||     1
Invok: Renounce Religion |       |       |     1 |       ||     1
Evoke: Wand              |       |       |       |     1 ||     1
  Use: Potion            |     2 |       |       |       ||     2
       Scroll            |       |       |     1 |       ||     1
 Stab: Sleeping          |     7 |     1 |     3 |       ||    11
       Distracted        |     1 |       |     2 |       ||     3
       Confused          |       |       |     5 |       ||     5
  Eat: Chunk             |     3 |     9 |     9 |     2 ||    23
       Bread ration      |       |       |     1 |       ||     1
